| TOP OF THE 1ST |
|
Toledo Mud Hens batting - Pitching for Durham Bulls : LHP Chris Ross
|
|
Pitching: LHP Chris Ross
|
|
|
Batting: LHB Bill Ford
|
0-0: Ball 1-0: Ball 2-0: Called Strike 2-1: Foul Ball, location: 2F 2-2: Ball 3-2: Fly out, F8 (Line Drive, 8RM, EV 108.1 MPH)
|
|
Batting: RHB Brandon O'Malley
|
0-0: Ball 1-0: Foul Ball, location: 2F 1-1: Ball 2-1: Ball 3-1: Foul Ball, location: 2F 3-2: Foul Ball, location: 2F 3-2: Foul Ball, location: 2F 3-2: Strikes out looking
|
|
Batting: RHB Jamie Villagrana
|
0-0: Ball 1-0: Ground out 5-3 (Groundball, 56D, EV 89.4 MPH)
|
| Top of the 1st over - 0 runs, 0 hits, 0 errors, 0 left on base; Toledo 0 - Durham 0 |
| BOTTOM OF THE 1ST |
|
Durham Bulls batting - Pitching for Toledo Mud Hens : RHP Andy Miller
|
|
Pitching: RHP Andy Miller
|
|
|
Batting: RHB Jonathan Fraire
|
0-0: Ball 1-0: Fly out, F8 (Flyball, 78XD, EV 91.9 MPH)
|
|
Batting: RHB Danny Diaz
|
0-0: Ball 1-0: Fly out, F8 (Flyball, 78XD, EV 101.9 MPH)
|
|
Batting: LHB Davion Lewis
|
0-0: Called Strike 0-1: Ball 1-1: Ball 2-1: Called Strike 2-2: Foul Ball, location: 2F 2-2: Strikes out looking
|
| Bottom of the 1st over - 0 runs, 0 hits, 0 errors, 0 left on base; Toledo 0 - Durham 0 |
| TOP OF THE 2ND |
|
Toledo Mud Hens batting - Pitching for Durham Bulls : LHP Chris Ross
|
|
Batting: LHB Jon Frederick
|
0-0: Called Strike 0-1: Called Strike 0-2: Foul Ball, location: 2F 0-2: Strikes out swinging
|
|
Batting: RHB Dan Becvar
|
0-0: Ball 1-0: Ball 2-0: Swinging Strike 2-1: Foul Ball, location: 2F 2-2: Foul Ball, location: 2F 2-2: Ball 3-2: Strikes out looking
|
|
Batting: RHB Joel Miller
|
0-0: Swinging Strike 0-1: Ball 1-1: Foul Ball, location: 2F 1-2: Strikes out swinging
|
| Top of the 2nd over - 0 runs, 0 hits, 0 errors, 0 left on base; Toledo 0 - Durham 0 |
| BOTTOM OF THE 2ND |
|
Durham Bulls batting - Pitching for Toledo Mud Hens : RHP Andy Miller
|
|
Batting: RHB David Ward
|
0-0: Called Strike 0-1: Foul Ball, location: 2F 0-2: Ball 1-2: Foul Ball, location: 2F 1-2: Strikes out swinging
|
|
Batting: LHB Jake Rheaume
|
0-0: Called Strike 0-1: Ball 1-1: Ball 2-1: SINGLE (Groundball, 34D, EV 96.2 MPH)
|
|
Batting: RHB Sesto Carpini
|
0-0: Ball 1-0: Foul Ball, location: 2F 1-1: Foul Ball, location: 2F 1-2: Foul Ball, location: 2F 1-2: SINGLE (Groundball, 4MD, EV 110.6 MPH) Jake Rheaume to second
|
|
Batting: RHB Jose Arriola
|
0-0: Ball 1-0: Fly out, F8 (Flyball, 8LD, EV 96.9 MPH)
|
|
Batting: RHB Kevin Benfield
|
0-0: DOUBLE (Line Drive, 7LS, EV 106.9 MPH) Jake Rheaume scores Sesto Carpini to third Runner from 3rd tries for Home, SAFE, no throw by LF
|
|
Batting: RHB Freddy Mullen
|
0-0: Reached on error, E6 (Groundball, 6, EV 86.2 MPH) Kevin Benfield to third
|
|
Batting: RHB Jonathan Fraire
|
0-0: Ball 1-0: Ball 2-0: Ball 3-0: Called Strike 3-1: Foul Ball, location: 2F 3-2: Strikes out swinging
|
| Bottom of the 2nd over - 2 runs, 3 hits, 1 error, 2 left on base; Toledo 0 - Durham 2 |
| TOP OF THE 3RD |
|
Toledo Mud Hens batting - Pitching for Durham Bulls : LHP Chris Ross
|
|
Batting: RHB Keith Hoffman
|
0-0: Called Strike 0-1: Ball 1-1: Called Strike 1-2: Ball 2-2: Fly out, F9 (Flyball, 9LM, EV 94.4 MPH)
|
|
Batting: RHB Aaron Cusick
|
0-0: Called Strike 0-1: Swinging Strike 0-2: Ground out 2-3 (Groundball, 13S, EV 60.6 MPH)
|
|
Batting: SHB Chris Wagler
|
0-0: Ball 1-0: Ball 2-0: Called Strike 2-1: Swinging Strike 2-2: Ball 3-2: Strikes out looking
|
| Top of the 3rd over - 0 runs, 0 hits, 0 errors, 0 left on base; Toledo 0 - Durham 2 |
| BOTTOM OF THE 3RD |
|
Durham Bulls batting - Pitching for Toledo Mud Hens : RHP Andy Miller
|
|
Batting: RHB Danny Diaz
|
0-0: Ball 1-0: Ball 2-0: Fly out, F4 (Popup, 4D, EV 69.4 MPH)
|
|
Batting: LHB Davion Lewis
|
0-0: Called Strike 0-1: Called Strike 0-2: Ball 1-2: Ground out 6-3 (Groundball, 6MS, EV 80.0 MPH)
|
|
Batting: RHB David Ward
|
0-0: Ball 1-0: Ball 2-0: Called Strike 2-1: Foul Ball, location: 2F 2-2: Foul Ball, location: 2F 2-2: Foul Ball, location: 2F 2-2: Foul Ball, location: 2F 2-2: Foul Ball, location: 2F 2-2: Foul Ball, location: 2F 2-2: Foul Ball, location: 2F 2-2: Foul Ball, location: 2F 2-2: Ground out 3-1 (Groundball, 34S, EV 86.2 MPH)
|
| Bottom of the 3rd over - 0 runs, 0 hits, 0 errors, 0 left on base; Toledo 0 - Durham 2 |
| TOP OF THE 4TH |
|
Toledo Mud Hens batting - Pitching for Durham Bulls : LHP Chris Ross
|
|
Batting: LHB Bill Ford
|
0-0: Fly out, F4 (Line Drive, 4, EV 72.5 MPH)
|
|
Batting: RHB Brandon O'Malley
|
0-0: Foul Ball, location: 2F 0-1: Ball 1-1: Called Strike 1-2: Strikes out swinging
|
|
Batting: RHB Jamie Villagrana
|
0-0: Called Strike 0-1: Ball 1-1: Ball 2-1: Ball 3-1: Foul Ball, location: 2F 3-2: SINGLE (Groundball, 56D, EV 103.1 MPH)
|
|
Batting: LHB Jon Frederick
|
Pickoff Throw to First - Out! 1-3
|
| Top of the 4th over - 0 runs, 1 hit, 0 errors, 0 left on base; Toledo 0 - Durham 2 |
| BOTTOM OF THE 4TH |
|
Durham Bulls batting - Pitching for Toledo Mud Hens : RHP Andy Miller
|
|
Batting: LHB Jake Rheaume
|
0-0: Swinging Strike 0-1: Swinging Strike 0-2: Ball 1-2: SINGLE (Groundball, 4D, EV 95.0 MPH)
|
|
Batting: RHB Sesto Carpini
|
0-0: Ball 1-0: Ball 2-0: Ball 3-0: Base on Balls Jake Rheaume to second
|
|
Batting: RHB Jose Arriola
|
0-0: Swinging Strike 0-1: Foul Ball, location: 2F 0-2: Strikes out swinging
|
|
Batting: RHB Kevin Benfield
|
0-0: Called Strike 0-1: Ball 1-1: Ball 2-1: Ball 3-1: Foul Ball, location: 2F 3-2: Fly out, F7 (Flyball, 78M, EV 95.6 MPH)
|
|
Batting: RHB Freddy Mullen
|
0-0: SINGLE (Line Drive, 8LS, EV 99.4 MPH) Jake Rheaume to third Sesto Carpini to second Runner from 3rd tries for Home, SAFE, throw by CF to home
|
|
Batting: RHB Jonathan Fraire
|
0-0: Ball 1-0: Foul Ball, location: 2F 1-1: Ball 2-1: Foul Ball, location: 2F 2-2: Ball 3-2: Base on Balls Sesto Carpini to third Freddy Mullen to second
|
|
Batting: RHB Danny Diaz
|
0-0: Ball 1-0: Foul Ball, location: 2F 1-1: Ball 2-1: Fly out, F9 (Flyball, 9S, EV 96.9 MPH)
|
| Bottom of the 4th over - 1 run, 2 hits, 0 errors, 3 left on base; Toledo 0 - Durham 3 |
| TOP OF THE 5TH |
|
Toledo Mud Hens batting - Pitching for Durham Bulls : LHP Chris Ross
|
|
Batting: LHB Jon Frederick
|
0-0: Ball 1-0: Ball 2-0: Foul Ball, location: 2F 2-1: Ball 3-1: Fly out, F7 (Flyball, 78S, EV 91.2 MPH)
|
|
Batting: RHB Dan Becvar
|
0-0: Ball 1-0: Called Strike 1-1: SINGLE (Groundball, 6S, EV 63.8 MPH) (infield hit)
|
|
Batting: RHB Joel Miller
|
0-0: Ball 1-0: Ball 2-0: Ball 3-0: Base on Balls Dan Becvar to second
|
|
Batting: RHB Keith Hoffman
|
0-0: Ball 1-0: Fielders Choice at 2nd, 4-6 (Groundball, 4MD, EV 80.0 MPH) Dan Becvar to third
|
|
Batting: RHB Aaron Cusick
|
0-0: Swinging Strike 0-1: Fly out, F5 (Popup, 5SF, EV 69.4 MPH)
|
| Top of the 5th over - 0 runs, 1 hit, 0 errors, 2 left on base; Toledo 0 - Durham 3 |
| BOTTOM OF THE 5TH |
|
Durham Bulls batting - Pitching for Toledo Mud Hens : RHP Andy Miller
|
|
Batting: LHB Davion Lewis
|
0-0: Ball 1-0: Fly out, F7 (Flyball, 7D, EV 85.0 MPH)
|
|
Batting: RHB David Ward
|
0-0: Called Strike 0-1: Ball 1-1: Foul Ball, location: 2F 1-2: Foul Ball, location: 2F 1-2: Foul Ball, location: 2F 1-2: Ball 2-2: Strikes out swinging
|
|
Batting: LHB Jake Rheaume
|
0-0: Ball 1-0: Ground out 5-3 (Groundball, 56, EV 99.4 MPH)
|
| Bottom of the 5th over - 0 runs, 0 hits, 0 errors, 0 left on base; Toledo 0 - Durham 3 |
| TOP OF THE 6TH |
|
Toledo Mud Hens batting - Pitching for Durham Bulls : LHP Chris Ross
|
|
Batting: SHB Chris Wagler
|
0-0: Ball 1-0: Called Strike 1-1: Ball 2-1: Foul Ball, location: 2F 2-2: Fly out, F3 (Popup, 23F, EV 80.0 MPH)
|
|
Batting: LHB Bill Ford
|
0-0: Foul Ball, location: 2F 0-1: Foul Ball, location: 2F 0-2: Ball 1-2: Ball 2-2: Ball 3-2: Base on Balls
|
|
Batting: RHB Brandon O'Malley
|
0-0: Swinging Strike 0-1: Called Strike 0-2: Ball 1-2: Fielders Choice at 2nd, 5-4 (Groundball, 56, EV 106.9 MPH)
|
|
Batting: RHB Jamie Villagrana
|
0-0: Ball Wild Pitch! Brandon O'Malley to second 1-0: Called Strike 1-1: Swinging Strike 1-2: Strikes out swinging
|
| Top of the 6th over - 0 runs, 0 hits, 0 errors, 1 left on base; Toledo 0 - Durham 3 |
| BOTTOM OF THE 6TH |
|
Durham Bulls batting - Pitching for Toledo Mud Hens : RHP Andy Miller
|
|
Batting: RHB Sesto Carpini
|
0-0: Ball 1-0: Ball 2-0: Called Strike 2-1: Ball 3-1: Base on Balls
|
|
Batting: RHB Jose Arriola
|
0-0: Called Strike 0-1: Ball 1-1: Foul Ball, location: 2F 1-2: Foul Ball, location: 2F 1-2: Ball 2-2: DOUBLE (Line Drive, 89D, EV 108.8 MPH) Sesto Carpini to third Runner from 3rd tries for Home, SAFE, throw by CF to home
|
|
Batting: RHB Kevin Benfield
|
0-0: Called Strike 0-1: Ball 1-1: Ball 2-1: Ball 3-1: Called Strike 3-2: Strikes out swinging
|
|
Pitching: RHP Luis Brown
|
|
|
Batting: RHB Freddy Mullen
|
0-0: Fly out, F9 (Flyball, 89S, EV 85.0 MPH)
|
|
Batting: RHB Jonathan Fraire
|
0-0: Ball 1-0: SINGLE (Groundball, 6M, EV 95.6 MPH) (infield hit) Jose Arriola to third
|
|
Batting: RHB Danny Diaz
|
0-0: SINGLE (Line Drive, 7S, EV 88.1 MPH) Jose Arriola scores Jonathan Fraire to second
|
|
Batting: LHB Davion Lewis
|
0-0: Called Strike 0-1: Ball 1-1: Ball 2-1: Ball 3-1: Foul Ball, location: 2F 3-2: SINGLE (Groundball, 34D, EV 95.0 MPH) Jonathan Fraire to third Danny Diaz to second Jonathan Fraire scores Danny Diaz to third
|
|
Batting: RHB David Ward
|
0-0: Ball 1-0: Called Strike 1-1: Fly out, F7 (Flyball, 7S, EV 85.0 MPH)
|
| Bottom of the 6th over - 3 runs, 4 hits, 0 errors, 2 left on base; Toledo 0 - Durham 6 |
| TOP OF THE 7TH |
|
Toledo Mud Hens batting - Pitching for Durham Bulls : LHP Chris Ross
|
|
Batting: LHB Jon Frederick
|
0-0: Ball 1-0: Ball 2-0: Called Strike 2-1: Swinging Strike 2-2: Foul Ball, location: 2F 2-2: Fly out, F8 (Line Drive, 78M, EV 95.6 MPH)
|
|
Batting: RHB Dan Becvar
|
0-0: Ball 1-0: Ball 2-0: Ball 3-0: Called Strike 3-1: Called Strike 3-2: Fly out, F9 (Line Drive, 89D, EV 95.6 MPH)
|
|
Batting: RHB Joel Miller
|
0-0: Ball 1-0: Ball 2-0: Foul Ball, location: 2F 2-1: Ball 3-1: Base on Balls
|
|
Batting: RHB Keith Hoffman
|
0-0: Ball 1-0: Foul Ball, location: 2F 1-1: Ball 2-1: Ball 3-1: SINGLE (Flyball, 3D, EV 92.5 MPH) Joel Miller to second
|
|
Pitching: RHP Al Speer
|
|
|
Batting: RHB Aaron Cusick
|
0-0: Ball 1-0: Called Strike 1-1: Swinging Strike 1-2: Strikes out swinging
|
| Top of the 7th over - 0 runs, 1 hit, 0 errors, 2 left on base; Toledo 0 - Durham 6 |
| BOTTOM OF THE 7TH |
|
Durham Bulls batting - Pitching for Toledo Mud Hens : RHP Luis Brown
|
|
Batting: LHB Jake Rheaume
|
0-0: Called Strike 0-1: Ball 1-1: Ball 2-1: Ball 3-1: Fly out, F9 (Flyball, 9S, EV 81.9 MPH)
|
|
Batting: RHB Sesto Carpini
|
0-0: Ball 1-0: Ball 2-0: Ball 3-0: Called Strike 3-1: Swinging Strike 3-2: Strikes out swinging
|
|
Batting: RHB Jose Arriola
|
0-0: Ground out 3-1 (Groundball, 34, EV 81.9 MPH)
|
| Bottom of the 7th over - 0 runs, 0 hits, 0 errors, 0 left on base; Toledo 0 - Durham 6 |
| TOP OF THE 8TH |
|
Toledo Mud Hens batting - Pitching for Durham Bulls : RHP Al Speer
|
|
Batting: SHB Chris Wagler
|
0-0: Called Strike 0-1: Ball 1-1: Called Strike 1-2: Foul Ball, location: 2F 1-2: Foul Ball, location: 2F 1-2: Ball 2-2: Strikes out looking
|
|
Batting: LHB Bill Ford
|
0-0: Called Strike 0-1: Fly out, F7 (Line Drive, 7, EV 100.6 MPH)
|
|
Batting: RHB Brandon O'Malley
|
0-0: Called Strike 0-1: Ball 1-1: Called Strike 1-2: SINGLE (Line Drive, 89M, EV 93.1 MPH)
|
|
Batting: RHB Jamie Villagrana
|
0-0: Swinging Strike 0-1: Ball 1-1: SINGLE (Groundball, 34D, EV 104.4 MPH) Brandon O'Malley to second Runner from 2nd tries for 3rd, SAFE, throw by RF made at trailing runner, OUT! 9-6
|
| Top of the 8th over - 0 runs, 2 hits, 0 errors, 1 left on base; Toledo 0 - Durham 6 |
| BOTTOM OF THE 8TH |
|
Durham Bulls batting - Pitching for Toledo Mud Hens : RHP Luis Brown
|
|
Now at SS: Scott Bartholomew
|
|
|
Batting: RHB Kevin Benfield
|
0-0: Called Strike 0-1: Foul Ball, location: 2F 0-2: Ball 1-2: SINGLE (Line Drive, 9LM, EV 100.0 MPH)
|
|
Batting: RHB Freddy Mullen
|
0-0: Foul Ball, location: 2F 0-1: Ball 1-1: Ball 2-1: Swinging Strike 2-2: Strikes out swinging
|
|
Batting: RHB Jonathan Fraire
|
0-0: Ball 1-0: Ball 2-0: Grounds into double play, 6-4-3 (Groundball, 6, EV 88.1 MPH)
|
| Bottom of the 8th over - 0 runs, 1 hit, 0 errors, 0 left on base; Toledo 0 - Durham 6 |
| TOP OF THE 9TH |
|
Toledo Mud Hens batting - Pitching for Durham Bulls : RHP Al Speer
|
|
Batting: LHB Jon Frederick
|
0-0: Ball 1-0: Fly out, F7 (Flyball, 7D, EV 84.4 MPH)
|
|
Batting: RHB Dan Becvar
|
0-0: Swinging Strike 0-1: Swinging Strike 0-2: Foul Ball, location: 2F 0-2: Strikes out looking
|
|
Batting: RHB Joel Miller
|
0-0: Swinging Strike 0-1: SINGLE (Groundball, 6MD, EV 103.1 MPH)
|
|
Batting: RHB Keith Hoffman
|
0-0: Ball 1-0: Ball 2-0: Ball 3-0: Called Strike 3-1: Base on Balls Joel Miller to second
|
|
Batting: RHB Aaron Cusick
|
0-0: Ball 1-0: Called Strike 1-1: Ball 2-1: Ball 3-1: Base on Balls Joel Miller to third Keith Hoffman to second
|
|
Pitching: LHP Tris Ross
|
|
|
Batting: SHB Chris Wagler
|
0-0: Called Strike 0-1: Ball 1-1: Foul Ball, location: 2F 1-2: Ball 2-2: Strikes out swinging
|
| Top of the 9th over - 0 runs, 1 hit, 0 errors, 3 left on base; Toledo 0 - Durham 6 |
|